 Dungeon Crawl Stone Soup version 0.31-a0-1172-g9944ec47dd (webtiles) character file.

Game seed: 8127232654858148088

24 servayboy121 the Ducker (level 3, 28/28 HPs)
             Began as a Djinni Gladiator on Dec 10, 2023.
             Quit the game on level 2 of the Dungeon.
             The game lasted 00:06:16 (997 turns).

servayboy121 the Ducker (Djinni Gladiator)           Turns: 997, Time: 00:06:17

Health: 28/28      AC: 14    Str: 13    XL:     3   Next: 15%
Gold:   95         EV:  4    Int: 11    God:
                   SH:  0    Dex: 14

rFire   + + +        n - staff of fire
rCold   x . .        (no shield)
rNeg    + . .        g - +0 plate armour
rPois   ∞            c - +0 helmet
rElec   .            (no cloak)
rCorr   .            o - +2 pair of gloves
SInv    +            (boots unavailable)
Will    .....        (no amulet) Stlth
                     k - ring of see invisible
HPRegen 0.24/turn    p - ring of positive energy
MPRegen 0.00/turn

%: no passive effects
@: flying
A: sickness immunity, fire resistance 2, cold vulnerability 1, float, innate
caster, HP casting, extra vitality 1
a: no special abilities


You were on level 2 of the Dungeon.
You visited 1 branch of the dungeon, and saw 2 of its levels.

You collected 95 gold pieces.

Inventory:

Hand Weapons
 a - a +0 rapier
Missiles
 d - 3 throwing nets (quivered)
 e - a javelin
 j - 8 stones
Armour
 b - a +0 leather armour
 c - a +0 helmet (worn)
 f - a +0 ring mail
 g - a +0 plate armour (worn)
 o - a +2 pair of gloves (worn)
Magical Staves
 n - a staff of fire (weapon)
Jewellery
 k - a ring of see invisible (left hand)
 p - a ring of positive energy (right hand)
Scrolls
 h - 2 scrolls of teleportation {unknown}
 i - a scroll of vulnerability {unknown}
 l - a scroll of torment {unknown}
 m - a scroll of revelation {unknown}
 q - a scroll of blinking {unknown}
 r - a scroll of identify {unknown}


   Skills:
 + Level 2.1 Fighting
 - Level 2.9 Short Blades
 * Level 0.4 Staves
 + Level 1.7 Throwing
 + Level 0.6 Armour
 + Level 3.6 Dodging


You knew the following spells:

 Your Spells              Type           Power      Damage    Failure   Level
a - Sting                 Tmut/Pois      0%         1d3       100%        1
Your spell library was empty.


Dungeon Overview and Level Annotations

Branches:
Dungeon (2/15)

Altars:

Shops:
D:1 =


Innate Abilities, Weirdness & Mutations

You are immune to sickness and miasma.
You are immune to poison.
Your flesh is very heat resistant. (rF++)
You are vulnerable to cold. (rC-)
You float through the air rather than walking.
You learn spells naturally, not from books.
Your magical power is your life essence.
You have superior vitality. (+4 MHP)


Message History

The endoplasm hits you but does no damage.
You hit the endoplasm.
You kill the endoplasm!
The kobold hits you but does no damage. The kobold hits you but does no damage.
You closely miss the kobold. The kobold hits you but does no damage.
You barely miss the kobold. The kobold hits you but does no damage.
You completely miss the kobold. The kobold hits you but does no damage.
You hit the kobold.
The kobold is severely wounded.
The kobold completely misses you.
You hit the kobold.
You kill the kobold!
No target in view!
No target in view!
No target in view!
No target in view!
d - 3 throwing nets (gained 1)
Things that are here:
a +0 club; a +0 flail; a kobold corpse You now have 95 gold pieces (gained 10).
You see here 6 poisoned darts.
You reach down and open the door.
There is an open door here.
You see here 6 poisoned darts.
Found a robe.
Found a book of Sloth.
Casting: Sting (safe; 100% risk of failure)
Confirm with . or Enter, or press ? or * to list all spells.
Okay, then.
Casting: Sting (safe; 100% risk of failure)
Confirm with . or Enter, or press ? or * to list all spells.
You can't see any susceptible monsters within range! (Use Z to cast anyway.) Unknown command.
Unknown command.
Casting: Sting (safe; 100% risk of failure)
Confirm with . or Enter, or press ? or * to list all spells.
Okay, then.
Unknown command.
Are you sure you want to abandon this character and quit the game? (Confirm with "yes".)

..#.#.... ....
#....... ....
#....[.. ....:
#....... ...
#......#...
#......#.# #####
#........# #...#
#.....@#####...#
#......#...#...#
#......#.#.#...#
#......#'#.#...#
#.....)(...###.#
###........###.#
#........#...#
#..<.....##.##
########....#


There were no monsters in sight!

Vanquished Creatures
  3 bats (D:1)
  7 endoplasms
  2 giant cockroaches (D:1)
  A hobgoblin (D:1)
  A quokka (D:1)
  2 ball pythons (D:1)
  A frilled lizard (D:1)
  3 kobolds
20 creatures vanquished.

Notes
Turn   | Place    | Note
-------+----------+-------------------------------------------
     0 | D:1      | servayboy121 the Djinni Gladiator began the quest for the
                  | Orb.
     0 | D:1      | Reached XP level 1. HP: 18/18 MP: 0/0
   210 | D:1      | Reached XP level 2. HP: 23/23 MP: 0/0
   720 | D:1      | Found Uxtuf's Jewellery Boutique.
   729 | D:1      | Reached XP level 3. HP: 13/28 MP: 0/0
   729 | D:1      | Learned a level 1 spell: Sting
   997 | D:2      | Quit the game

Illustrated notes

Levels and vault maps discovered:
D:1:      dpeg_arrival_rhombus, layout_loops_ring, serial_shops, shop,
          grunt_decor_junction
D:2:      layout_basic, solitary_fountain

Action                     || total
---------------------------++-------
  Melee: Rapier            ||    43
         Punch             ||     1
         Staff             ||    32
  Throw: Throwing net      ||     2
         Javelin           ||     1
         Stone             ||     1
 Armour: Plate armour      ||    75
         Leather armour    ||     3
  Dodge: Dodged            ||    13

Table legend: (Time is in decaauts)
 A = Elapsed time spent in this place.
 B = Non-inter-level travel time spent in this place.
 C = Inter-level travel time spent in this place.
 D = Time resting spent in this place.
 E = Time spent auto-exploring this place.
 F = Levels seen in this place.
 G = Mean time per level.
                   A        B        C        D        E       F      G
               +--------+--------+--------+--------+--------+-----+--------+
         Total |   1004 |    944 |     60 |    132 |    529 |   2 |  502.0 |
       Dungeon |   1004 |    944 |     60 |    132 |    529 |   2 |  502.0 |
               +--------+--------+--------+--------+--------+-----+--------+

Top non-repeatable levels by time:
     D:1: 942 daAuts
     D:2: 61 daAuts
